 Dungeon Crawl Stone Soup version 0.23.2-1-ga50397a6bc (webtiles) character file.

Game seed: 11412872253035257525

109 Jukra the Magician (level 4, -5/35 HPs)
             Began as a Draconian Wizard on Apr 20, 2019.
             Slain by a gnoll
             ... wielding a cursed -1 halberd
              (9 damage)
             ... on level 2 of the Dungeon.
             The game lasted 00:14:14 (2064 turns).

Jukra the Magician (Draconian Wizard)               Turns: 2064, Time: 00:14:15

Health: -5/35      AC:  8    Str:  9    XL:     4   Next: 60%
Magic:  5/9        EV: 12    Int: 19    God:
Gold:   70         SH:  0    Dex: 10    Spells: 9/10 levels left

rFire    . . .     SeeInvis .   o - +0 whip (elec)
rCold    . . .     Gourm    .   (no shield)
rNeg     . . .     Faith    .   (armour unavailable)
rPois    .         Spirit   .   a - +0 hat
rElec    .         Reflect  .   g - +1 cloak
rCorr    .         Harm     .   f - +0 pair of gloves
MR       .....                  (no boots)
Stlth    +++.......             (no amulet)
HPRegen  0.11/turn              d - ring of stealth
MPRegen  0.11/turn              (no ring)

@: very slightly contaminated
A: unfitting armour, cold-blooded, AC +5
a: no special abilities


You were on level 2 of the Dungeon.
You were hungry.

You visited 1 branch of the dungeon, and saw 2 of its levels.

You collected 70 gold pieces.

Inventory:

Hand Weapons
 l - a +0 short sword
 o - a +0 whip of electrocution (weapon)
Armour
 a - a +0 hat (worn)
 f - a +0 pair of gloves (worn)
 g - a +1 cloak (worn)
Jewellery
 d - a ring of stealth (left hand)
Scrolls
 h - a scroll of remove curse
 i - 4 scrolls of identify
Potions
 b - 4 potions of curing {unknown}
 e - a potion of flight {unknown}
 j - a potion of magic {unknown}
 k - a potion of heal wounds {unknown}
 n - a potion of lignification {unknown}
Comestibles
 c - 3 rations


   Skills:
 * Level 1.5 Fighting
 - Level 0.8 Short Blades
 * Level 1.0 Maces & Flails
 * Level 2.3 Dodging
 + Level 2.0 Stealth
 + Level 3.6 Spellcasting
 + Level 2.2 Conjurations
   Level 1.0 Summonings
   Level 1.0 Translocations


You had 9 spell levels left.
You knew the following spells:

 Your Spells              Type           Power        Failure   Level  Hunger
a - Magic Dart            Conj           ##..         6%          1    None

Your spell library contained the following spells:

 Spells                   Type           Power        Failure   Level  Hunger
 Blink                    Tloc           N/A          14%         2    ##.....
 Call Imp                 Summ           #.......     14%         2    ##.....
 Slow                     Hex            #.......     22%         2    ##.....
 Conjure Flame            Conj/Fire      #.......     26%         3    ###....
 Mephitic Cloud           Conj/Pois/Air  #.......     32%         3    ###....


Dungeon Overview and Level Annotations

Branches:
Dungeon (2/15)

Altars:


Innate Abilities, Weirdness & Mutations

Your plain brown scales are hard. (AC +5)
You cannot fit into any form of body armour.
You are cold-blooded and may be slowed by cold attacks.


Message History

The gnoll barely misses you. The gnoll hits you but does no damage.
You barely miss the gnoll. The gnoll hits you with a +0 spear!
* * * LOW HITPOINT WARNING * * *
The gnoll misses you.
You barely miss the gnoll.
Your tail-slap misses the gnoll.
The gnoll hits you with a +0 spear.
* * * LOW HITPOINT WARNING * * *
The gnoll hits you with a cursed -1 halberd.
* * * LOW HITPOINT WARNING * * *
You barely miss the gnoll. The gnoll completely misses you.
The gnoll misses you.
You closely miss the gnoll. The gnoll hits you with a +0 spear.
* * * LOW HITPOINT WARNING * * *
The gnoll barely misses you.
You hit the gnoll.
The gnoll is moderately wounded.
The gnoll hits you with a +0 spear.
* * * LOW HITPOINT WARNING * * *
The gnoll hits you with a cursed -1 halberd!
You die...

..)...................###########
..................†........†....>
........####.##.....#.#†.......#.
..####### ##.########.#.###.##.#.
..# #......# #.#......#.#. ..#
#......# #.#.#.#..#.#. ..#
#......# #.#......#.#. ..###.
.#....g.####.#.###.##.#. ......
......g@)..#..........#. ..#
.##.######..(..###.####. ..#
##....# #.# #. ### #....# #.# #.
. #....# #.# #. #
###############....###.#####
######..............#...........#
#....................?.####.###.#
#........##########.#............


You could see 2 gnolls.

Vanquished Creatures
  3 gnolls (D:2)
  3 adders (D:2)
  4 dart slugs
  A ball python (D:2)
  7 bats
  5 giant cockroaches
  4 hobgoblins
  2 jackals (D:2)
  6 frilled lizards
  4 goblins
  6 kobolds
  6 rats
51 creatures vanquished.

Notes
Turn   | Place    | Note
-------+----------+-------------------------------------------
     0 | D:1      | Jukra the Draconian Wizard began the quest for the Orb.
     0 | D:1      | Reached XP level 1. HP: 14/14 MP: 4/4
   477 | D:1      | Reached XP level 2. HP: 14/20 MP: 6/6
  1072 | D:2      | Reached XP level 3. HP: 19/27 MP: 2/7
  1268 | D:2      | Reached skill level 1 in Fighting
  1664 | D:2      | Reached XP level 4. HP: 35/35 MP: 5/9
  2058 | D:2      | Reached skill level 1 in Maces & Flails
  2064 | D:2      | Slain by a gnoll

Skill      XL: |  1  2  3  4 |
---------------+-------------+-----
Dodging        | 2 |  2.3
Fighting       | 1 |  1.5
Stealth        | 2 |  2.0
Conjurations   | 2 |  2.2
Maces & Flails | 1 |  1.0
Short Blades   | |  0.8
Spellcasting   | |  3.6
Summonings     | |  1.0
Translocations | |  1.0

Action                   |  1- 3 |  4- 6 || total
-------------------------+-------+-------++-------
Melee: Dagger            |    56 |       ||    56
       Tailslap          |     6 |     1 ||     7
       Short sword       |    28 |       ||    28
       Whip              |    13 |    18 ||    31
 Cast: Magic Dart        |    48 |    20 ||    68
  Use: Scroll            |     3 |     1 ||     4
 Stab: Sleeping          |     1 |       ||     1
  Eat: Chunk             |     2 |     1 ||     3
Armor: Skin              |    41 |     6 ||    47
Dodge: Dodged            |    63 |    17 ||    80
